 Dungeon Crawl Stone Soup version 0.21.1-1-g345015fe64 (webtiles) character file.

110 Brobocop the Chopper (level 4, -9/40 HPs)
             Began as a Hill Orc Fighter on June 2, 2018.
             Was a Follower of Qazlal.
             Mangled by a worm (14 damage)
             ... on level 3 of the Dungeon.
             The game lasted 00:09:13 (2520 turns).

Brobocop the Chopper (Hill Orc Fighter)             Turns: 2520, Time: 00:09:14

Health: -9/40      AC:  9    Str: 19    XL:     4   Next: 91%
Magic:  4/4        EV:  5    Int:  8    God:    Qazlal [*.....]
Gold:   168        SH: 10    Dex: 10    Spells: 3/3 levels left

rFire    . . .     SeeInvis .   t - +0 war axe
rCold    . . .     Gourm    .   c - +0 shield
rNeg     . . .     Faith    .   n - +0 chain mail
rPois    .         Spirit   .   (no helmet)
rElec    .         Reflect  .   (no cloak)
rCorr    .         Harm     .   (no gloves)
MR       .....                  (no boots)
Stlth    ..........             (no amulet)
HPRegen  0.13/turn              (no ring)
MPRegen  0.09/turn              (no ring)

@: no status effects
A: no striking features
a: Renounce Religion


You were on level 3 of the Dungeon.
You worshipped Qazlal.
Qazlal was aware of your devotion.
You were very hungry.

You visited 1 branch of the dungeon, and saw 3 of its levels.

You collected 168 gold pieces.

Inventory:

Hand Weapons
 a - a +0 war axe
 s - a +1 short sword of electrocution
 t - a +0 war axe (weapon)
Missiles
 m - 7 tomahawks (quivered)
Armour
 b - a +0 scale mail
 c - a +0 shield (worn)
 n - a +0 chain mail (worn)
Jewellery
 g - an uncursed amulet of the gourmand {unknown}
Scrolls
 h - 2 scrolls of remove curse {unknown}
 l - a scroll of noise {unknown}
 o - a scroll of magic mapping {unknown}
 q - 4 scrolls of identify {unknown}
 u - a scroll of teleportation {unknown}
Potions
 d - a potion of might
 e - a potion of berserk rage {unknown}
 i - a potion of invisibility {unknown}
 j - 2 potions of experience {unknown}
 k - 2 potions of mutation {unknown}
 p - a potion of heal wounds {unknown}
 r - a potion of haste {unknown}
Comestibles
 f - 10 rations


   Skills:
 + Level 4.1 Fighting
 + Level 4.4 Axes
 + Level 4.0 Armour
 + Level 0.4 Dodging
 + Level 4.0 Shields


You had 3 spell levels left.
You didn't know any spells.

Dungeon Overview and Level Annotations

Branches:
Dungeon (3/15)

Altars:
Dithmenos
Qazlal
Trog


Message History

You kill the rat!
Qazlal accepts your kill.
You barely miss the worm. You hit the worm. The worm barely misses you.
The worm bites you but does no damage. You block the worm's attack. x2
Your shield and chain mail prevent you from hitting the worm.
The worm is moderately wounded.
You hit the worm. You block the worm's attack. The worm bites you.
Your shield and chain mail prevent you from hitting the worm.
The worm is moderately wounded.
You slash the worm! The worm bites you. You block the worm's attack.
You slash the worm!
The worm is heavily wounded.
Your shield and chain mail prevent you from hitting the worm.
You block the worm's attack. The worm bites you!
You hit the worm.
The worm is heavily wounded.
You hit the worm but do no damage. The worm bites you!
* * * LOW HITPOINT WARNING * * *
The worm bites you!
You die...

###### ##....### ##.......##
#........)# #.# # #...w#....#
#.#.# ####..@###...) #.#.#
#.....w#y#._.)###.#.###
.######.##...###...)#..... ..
........##....#....# .... #.
#######.##.........####.####.
#.###.......##.......). #.#
##....###......###. #.#
##########....# #.
#######.####.# #.# #.##.# #.


You could see a moth of wrath and 2 worms.

Vanquished Creatures
  4 adders
  3 worms
  2 dart slugs (D:1)
  5 leopard geckos
  4 orcs (D:3)
  5 giant cockroaches
  6 goblins
  4 hobgoblins (D:1)
  3 jackals (D:3)
  3 bats
  5 frilled lizards
  7 kobolds
  6 rats
57 creatures vanquished.

Notes
Turn   | Place    | Note
-------+----------+-------------------------------------------
     0 | D:1      | Brobocop the Hill Orc Fighter began the quest for the Orb.
     0 | D:1      | Reached XP level 1. HP: 19/19 MP: 1/1
   181 | D:1      | Reached XP level 2. HP: 20/27 MP: 2/2
   443 | D:1      | Reached XP level 3. HP: 27/33 MP: 3/3
   810 | D:2      | Found a shadowy altar of Dithmenos.
  1081 | D:2      | Found a stormy altar of Qazlal.
  1082 | D:2      | Noticed a water elemental
  1083 | D:2      | Noticed an earth elemental
  1084 | D:2      | Noticed an air elemental
  1084 | D:2      | Noticed a fire elemental
  1215 | D:2      | Became a worshipper of Qazlal Stormbringer
  1967 | D:3      | Reached XP level 4. HP: 29/40 MP: 4/4
  2497 | D:3      | Noticed a moth of wrath
  2500 | D:3      | Found a bloodstained altar of Trog.
  2510 | D:3      | Reached * piety under Qazlal
  2520 | D:3      | Mangled by a worm

Skill      XL: |  1  2  3  4 |
---------------+-------------+-----
Axes           | 3 4 |  4.4
Fighting       | 4 |  4.1
Armour         | 4 |  4.0
Shields        | 4 |  4.0
Dodging        | |  0.4

Action                   |  1- 3 |  4- 6 || total
-------------------------+-------+-------++-------
Melee: War axe           |   113 |    82 ||   195
  Eat: Chunk             |     2 |     2 ||     4
Armor: Scale mail        |    30 |       ||    30
       Chain mail        |    34 |    59 ||    93
Dodge: Dodged            |    35 |    26 ||    61
Block: Shield            |    87 |    47 ||   134
